 Dungeon Crawl Stone Soup version 0.28.0-47-ge53b351184 (webtiles) character file.

Game seed: 12323357245821849916

33 Iusername the Shield-Bearer (level 3, -5/24 HPs)
             Began as a Gargoyle Fighter on May 4, 2022.
             Slain by a gnoll
             ... wielding a +0 halberd
              (10 damage)
             ... on level 2 of the Dungeon.
             The game lasted 00:01:50 (1138 turns).

Iusername the Shield-Bearer (Gargoyle Fighter)      Turns: 1138, Time: 00:01:51

Health: -5/24      AC: 11    Str: 21    XL:     3   Next: 29%
Magic:  3/3        EV:  9    Int:  8    God:
Gold:   42         SH:  4    Dex:  9    Spells: 2/2 levels left

rFire   . . .      SeeInvis .   a - +0 flail
rCold   . . .      Faith    .   c - +0 buckler
rNeg    + . .      Spirit   .   b - +0 scale mail
rPois   ∞          Reflect  .   (no helmet)
rElec   +          Harm     .   (no cloak)
rCorr   .          Rampage  .   (no gloves)
Will    .....                   i - +0 pair of boots
Stlth   ..........              (no amulet)
HPRegen 0.08/turn               (no ring)
MPRegen 0.08/turn               (no ring)

@: attractive, flying
A: sickness immunity, AC +3, negative energy resistance 1, electricity
resistance, torment resistance 1, petrification resistance
a: no special abilities


You were on level 2 of the Dungeon.
You visited 1 branch of the dungeon, and saw 2 of its levels.

You collected 42 gold pieces.

Inventory:

Hand Weapons
 a - a +0 flail (weapon)
Armour
 b - a +0 scale mail (worn)
 c - a +0 buckler (worn)
 i - a +0 pair of boots (worn)
Jewellery
 d - a ring of protection from cold
Scrolls
 f - a scroll of identify {unknown}
 h - a scroll of teleportation {unknown}


   Skills:
 + Level 3.6 Fighting
 + Level 2.3 Maces & Flails
 + Level 3.7 Armour
 + Level 3.7 Shields


You had 2 spell levels left.
You didn't know any spells.
Your spell library was empty.

Dungeon Overview and Level Annotations

Branches:
Dungeon (2/15)

Altars:


Innate Abilities, Weirdness & Mutations

You are immune to sickness and miasma.
Your stone body is resilient. (AC +3)
You are immune to poison.
You resist negative energy. (rN+)
You are resistant to electric shocks. (rElec)
You are resistant to unholy torment.
You are immune to petrification.


Message History

A kobold comes into view. It is wielding a +0 dagger.
You block the gnoll's attack.
You hit the gnoll but do no damage. The bat hits you but does no damage.
You block the bat's attack. The gnoll closely misses you.
You block the gnoll's attack. The bat hits you but does no damage.
You hit the gnoll but do no damage. The bat barely misses you.
The bat hits you but does no damage. The gnoll hits you but does no damage.
You closely miss the gnoll. The bat barely misses you.
The gnoll barely misses you.
The gnoll hits you but does no damage. x2
The gnoll hits you with a +0 flail. The bat barely misses you.
You hit the gnoll.
The gnoll is heavily wounded.
The bat misses you. The bat barely misses you.
The gnoll hits you but does no damage. The gnoll barely misses you.
The gnoll hits you but does no damage. x2
The gnoll hits you from afar with a +0 halberd!
It was a potion of flight.
You feel very buoyant.
You fly up into the air.
The bat barely misses you. The gnoll hits you but does no damage.
The gnoll hits you with a +0 flail. The gnoll barely misses you.
You block the gnoll's attack.
You hit the gnoll.
The gnoll is moderately wounded.
The bat barely misses you. The bat closely misses you.
The gnoll hits you but does no damage. The gnoll closely misses you.
You block the gnoll's attack. The kobold closely misses you.
The gnoll completely misses you. The gnoll barely misses you.
You barely miss the gnoll.
The gnoll is moderately wounded.
The bat barely misses you. The gnoll hits you with a +0 flail.
* * * LOW HITPOINT WARNING * * *
The gnoll hits you but does no damage. The kobold barely misses you.
The gnoll hits you but does no damage. The gnoll closely misses you.
You block the gnoll's attack. The gnoll closely misses you.
The kobold hits you but does no damage.
It was a potion of attraction.
You feel attractive to monsters. The bat hits you but does no damage.
The gnoll hits you from afar with a +0 halberd!
You die...

#<.# #.#
#..######.#
#.........# ##
#.######### #..
#.# ....###.#
......#.#######
.....ggg.b....#
......g@.####.#
....#.K...# #..
##...## ##
##.## #.# #.#
#+#


You could see 4 gnolls, a bat and a kobold.

Vanquished Creatures
  2 dart slugs (D:1)
  3 ball pythons (D:1)
  An endoplasm (D:1)
  3 goblins (D:1)
  2 hobgoblins (D:1)
  3 jackals (D:1)
  6 kobolds
  A quokka (D:1)
  2 bats (D:1)
  3 rats
26 creatures vanquished.

Notes
Turn   | Place    | Note
-------+----------+-------------------------------------------
     0 | D:1      | Iusername the Gargoyle Fighter began the quest for the Orb.
     0 | D:1      | Reached XP level 1. HP: 14/14 MP: 1/1
    87 | D:1      | Reached XP level 2. HP: 6/19 MP: 2/2
   682 | D:1      | Reached XP level 3. HP: 21/24 MP: 3/3
  1138 | D:2      | Slain by a gnoll

Illustrated notes

Levels and vault maps discovered:
D:1:      minmay_arrival_radiant_lines, layout_rooms
D:2:      layout_loops_corners, basic_altar, kennysheep_generic_room_10

Action                   || total
-------------------------++-------
Melee: Flail             ||    72
  Use: Potion            ||     3
Armor: Scale mail        ||    63
Dodge: Dodged            ||    53
Block: Buckler           ||    26
